3L
TOLEDO STINGERS @ LAS VEGAS FLAMINGOS
06/23/2042
 
TOP OF THE 1ST
Toledo Stingers batting - Pitching for Las Vegas Flamingos : RHP Eddie Kop
Pitching: RHP Eddie Kop
Batting: LHB Grover Barbaran 0-0: Called Strike
0-1: Ball
1-1: SINGLE (Groundball, 4MD, EV 95.6 MPH)
Batting: LHB Matt Dunlap 0-0: DOUBLE (Groundball, 5L, EV 103.1 MPH)
Grover Barbaran to third
Batting: RHB Baldomero Avino 0-0: Foul Ball, location: 2F
0-1: 3-RUN HOME RUN (Flyball, 7LD, EV 99.4 MPH), Distance : 338 ft
Batting: LHB Lester Threlfall 0-0: Called Strike
0-1: Swinging Strike
0-2: Strikes out looking
Batting: LHB Mike Johnstone 0-0: Ball
1-0: Ball
2-0: Called Strike
2-1: Called Strike
2-2: Foul Ball, location: 2F
2-2: Foul Ball, location: 2F
2-2: Ball
3-2: Foul Ball, location: 2F
3-2: Fly out, F6 (Line Drive, 6, EV 70.0 MPH)
Batting: RHB David Alcabú 0-0: Ground out 1-3 (Groundball, P, EV 85.6 MPH)
Top of the 1st over - 3 runs, 3 hits, 0 errors, 0 left on base; Toledo 3 - Las Vegas 0
BOTTOM OF THE 1ST
Las Vegas Flamingos batting - Pitching for Toledo Stingers : RHP John Rigsby
Pitching: RHP John Rigsby
Batting: LHB Dirk Horwedel 0-0: Called Strike
0-1: Ball
1-1: Ball
2-1: Foul Ball, location: 2F
2-2: Ball
3-2: Ground out 4-3 (Groundball, 4, EV 103.1 MPH)
Batting: LHB Lewis N. Clark 0-0: Ball
1-0: Ball
2-0: Called Strike
2-1: SINGLE (Line Drive, 34D, EV 97.5 MPH)
Batting: LHB Chan-ho Shinn 0-0: Fly out, F8 (Flyball, 8RS, EV 89.4 MPH)
Batting: LHB Joo-Chan Park 0-0: Ball
1-0: Ball
2-0: Fly out, F9 (Flyball, 9D, EV 99.4 MPH)
Bottom of the 1st over - 0 runs, 1 hit, 0 errors, 1 left on base; Toledo 3 - Las Vegas 0
TOP OF THE 2ND
Toledo Stingers batting - Pitching for Las Vegas Flamingos : RHP Eddie Kop
Batting: RHB Brook Linen 0-0: Ball
1-0: Fly out, F9 (Flyball, 9S, EV 86.9 MPH)
Batting: SHB Adam Clements 0-0: Swinging Strike
0-1: SINGLE (Flyball, 56D, EV 90.0 MPH)
Batting: LHB Joe Clark 0-0: Ball
1-0: Ball
2-0: Called Strike
2-1: DOUBLE (Line Drive, 89XD, EV 102.5 MPH)
Adam Clements to third
Runner from 3rd tries for Home, SAFE, no throw by RF
Batting: LHB Grover Barbaran 0-0: Ball
1-0: Foul Ball, location: 2F
1-1: Foul Ball, location: 2F
1-2: Fly out, F7 (Flyball, 7, EV 94.4 MPH)
Batting: LHB Matt Dunlap 0-0: Called Strike
0-1: Called Strike
0-2: Ball
1-2: Foul Ball, location: 2F
1-2: Ball
2-2: Ball
3-2: Foul Ball, location: 2F
3-2: Ground out U3 (Groundball, 3, EV 86.9 MPH)
Top of the 2nd over - 1 run, 2 hits, 0 errors, 1 left on base; Toledo 4 - Las Vegas 0
BOTTOM OF THE 2ND
Las Vegas Flamingos batting - Pitching for Toledo Stingers : RHP John Rigsby
Batting: RHB Ernest Lesley 0-0: Ball
1-0: Ball
2-0: Swinging Strike
2-1: Foul Ball, location: 2F
2-2: Reached on error, E5 (Groundball, 56, EV 96.9 MPH)
Batting: LHB Braxton Cottongame 0-0: Ball
1-0: Called Strike
1-1: Ball
2-1: Ball
3-1: Foul Ball, location: 2F
3-2: Base on Balls
Ernest Lesley to second
Batting: RHB Esteban León 0-0: Swinging Strike
0-1: Foul Ball, location: 2F
0-2: Ball
1-2: Fly out, F8 (Flyball, 8RM, EV 86.2 MPH)
Batting: RHB Samual Kingman 0-0: Ball
1-0: Foul Ball, location: 2F
1-1: Swinging Strike
1-2: Foul Ball, location: 2F
1-2: Ball
2-2: Foul Ball, location: 2F
2-2: Foul Ball, location: 2F
2-2: Foul Ball, location: 2F
2-2: Foul Ball, location: 2F
2-2: Ball
3-2: Foul Ball, location: 2F
3-2: Strikes out swinging
Batting: LHB Adrián Gómez 0-0: Ball
1-0: Ball
2-0: Foul Ball, location: 2F
2-1: Ball
3-1: Base on Balls
Ernest Lesley to third
Braxton Cottongame to second
Batting: LHB Dirk Horwedel 0-0: Ball
1-0: Called Strike
1-1: Foul Ball, location: 2F
1-2: Ball
2-2: Ground out U3 (Groundball, 3, EV 101.9 MPH)
Bottom of the 2nd over - 0 runs, 0 hits, 1 error, 3 left on base; Toledo 4 - Las Vegas 0
TOP OF THE 3RD
Toledo Stingers batting - Pitching for Las Vegas Flamingos : RHP Eddie Kop
Batting: RHB Baldomero Avino 0-0: Ball
1-0: Foul Ball, location: 2F
1-1: Ground out 6-3 (Groundball, 6, EV 86.9 MPH)
Batting: LHB Lester Threlfall 0-0: Ball
1-0: Ball
2-0: Called Strike
2-1: Foul Ball, location: 2F
2-2: Ground out 5-3 (Groundball, 56, EV 78.1 MPH)
Batting: LHB Mike Johnstone 0-0: Foul Ball, location: 2F
0-1: Called Strike
0-2: Ball
1-2: Foul Ball, location: 2F
1-2: Foul Ball, location: 2F
1-2: SOLO HOME RUN (Flyball, 9D, EV 107.5 MPH), Distance : 412 ft
Batting: RHB David Alcabú 0-0: TRIPLE (Flyball, 8RXD, EV 88.8 MPH)
Batting: RHB Brook Linen 0-0: SINGLE (Line Drive, 5D, EV 106.2 MPH)
David Alcabú scores
Pitching: LHP Mark Jacobson
Batting: SHB Adam Clements 0-0: Ball
1-0: Ball
2-0: Called Strike
2-1: Ball
3-1: Base on Balls
Brook Linen to second
Batting: LHB Joe Clark 0-0: Called Strike
0-1: DOUBLE (Line Drive, 7LD, EV 108.8 MPH)
Brook Linen scores
Adam Clements to third
Runner from 3rd tries for Home, SAFE, no throw by LF
Batting: LHB Grover Barbaran 0-0: SINGLE (Groundball, 6MD, EV 106.2 MPH)
Joe Clark to third
Runner from 3rd tries for Home, SAFE, throw by CF to home
Batting: LHB Matt Dunlap 0-0: Ball
1-0: Ball
2-0: Ground out 4-3 (Groundball, 4, EV 80.6 MPH)
Top of the 3rd over - 5 runs, 5 hits, 0 errors, 1 left on base; Toledo 9 - Las Vegas 0
BOTTOM OF THE 3RD
Las Vegas Flamingos batting - Pitching for Toledo Stingers : RHP John Rigsby
Batting: LHB Lewis N. Clark 0-0: Called Strike
0-1: Foul Ball, location: 2F
0-2: Fly out, F8 (Flyball, 8RXD, EV 93.1 MPH)
Batting: LHB Chan-ho Shinn 0-0: Called Strike
0-1: Ball
1-1: Foul Ball, location: 2F
1-2: Foul Ball, location: 2F
1-2: Ball
2-2: SINGLE (Line Drive, 7LS, EV 97.5 MPH)
Batting: LHB Joo-Chan Park 0-0: Ball
1-0: Fly out, F8 (Line Drive, 8LM, EV 92.5 MPH)
Batting: RHB Ernest Lesley 0-0: SINGLE (Groundball, 4MD, EV 99.4 MPH)
Chan-ho Shinn to second
Batting: LHB Braxton Cottongame 0-0: Called Strike
0-1: Ground out U3 (Groundball, 3, EV 85.0 MPH)
Bottom of the 3rd over - 0 runs, 2 hits, 0 errors, 2 left on base; Toledo 9 - Las Vegas 0
TOP OF THE 4TH
Toledo Stingers batting - Pitching for Las Vegas Flamingos : LHP Mark Jacobson
Batting: RHB Baldomero Avino 0-0: Called Strike
0-1: Foul Ball, location: 2F
0-2: Fly out, F8 (Flyball, 8RS, EV 63.8 MPH)
Batting: LHB Lester Threlfall 0-0: Foul Ball, location: 2F
0-1: SINGLE (Groundball, 34D, EV 97.5 MPH)
Batting: LHB Mike Johnstone 0-0: Swinging Strike
0-1: Swinging Strike
0-2: Strikes out swinging
Batting: RHB David Alcabú 0-0: Fielders Choice at 2nd, U4 (Groundball, 4M, EV 101.9 MPH)
Top of the 4th over - 0 runs, 1 hit, 0 errors, 1 left on base; Toledo 9 - Las Vegas 0
BOTTOM OF THE 4TH
Las Vegas Flamingos batting - Pitching for Toledo Stingers : RHP John Rigsby
Batting: RHB Esteban León 0-0: Called Strike
0-1: Fly out, F7 (Flyball, 7LM, EV 72.5 MPH)
Batting: RHB Samual Kingman 0-0: Ball
1-0: Called Strike
1-1: Ball
2-1: Foul Ball, location: 2F
2-2: Foul Ball, location: 2F
2-2: Ball
3-2: Base on Balls
Batting: LHB Adrián Gómez 0-0: Called Strike
0-1: Fly out, F9 (Flyball, 9LSF, EV 95.0 MPH)
Batting: LHB Dirk Horwedel 0-0: Called Strike
Samual Kingman steals 2nd base (no throw)
0-1: Ball
1-1: Ground out U3 (Groundball, 3, EV 102.5 MPH)
Bottom of the 4th over - 0 runs, 0 hits, 0 errors, 1 left on base; Toledo 9 - Las Vegas 0
TOP OF THE 5TH
Toledo Stingers batting - Pitching for Las Vegas Flamingos : LHP Mark Jacobson
Batting: RHB Brook Linen 0-0: Called Strike
0-1: Ball
1-1: SINGLE (Groundball, 6MD, EV 100.0 MPH)
Batting: SHB Adam Clements 0-0: Ball
1-0: Called Strike
1-1: Ball
2-1: Fielders Choice at 2nd, 3-6 (Groundball, 3, EV 86.2 MPH)
Batting: LHB Joe Clark 0-0: Fielders Choice at 2nd, 3-6 (Groundball, 34, EV 105.6 MPH)
Batting: LHB Grover Barbaran 0-0: Ball
1-0: Called Strike
1-1: Ball
2-1: Swinging Strike
2-2: Ball
3-2: Strikes out swinging
Top of the 5th over - 0 runs, 1 hit, 0 errors, 1 left on base; Toledo 9 - Las Vegas 0
BOTTOM OF THE 5TH
Las Vegas Flamingos batting - Pitching for Toledo Stingers : RHP John Rigsby
Batting: LHB Lewis N. Clark 0-0: Ball
1-0: Foul Ball, location: 2F
1-1: SINGLE (Groundball, 6D, EV 103.8 MPH)
Batting: LHB Chan-ho Shinn 0-0: Ball
1-0: Grounds out, U3 (Groundball, 3L, EV 88.8 MPH)
Batting: LHB Joo-Chan Park 0-0: Ball
1-0: Called Strike
1-1: Ground out U3 (Groundball, 3L, EV 103.8 MPH)
Lewis N. Clark to third
Batting: RHB Ernest Lesley 0-0: Ball
1-0: Ball
2-0: Ball
3-0: Ground out 6-3 (Groundball, 6, EV 85.6 MPH)
Bottom of the 5th over - 0 runs, 1 hit, 0 errors, 1 left on base; Toledo 9 - Las Vegas 0
TOP OF THE 6TH
Toledo Stingers batting - Pitching for Las Vegas Flamingos : LHP Mark Jacobson
Batting: LHB Matt Dunlap 0-0: Swinging Strike
0-1: Foul Ball, location: 2F
0-2: Ball
1-2: Foul Ball, location: 2F
1-2: Foul Ball, location: 2F
1-2: Ball
2-2: Ground out 6-3 (Groundball, 6, EV 96.9 MPH)
Batting: RHB Baldomero Avino 0-0: Ball
1-0: Ball
2-0: Called Strike
2-1: Foul Ball, location: 2F
2-2: Ground out 4-3 (Groundball, 6MD, EV 106.9 MPH)
Batting: LHB Lester Threlfall 0-0: Ball
1-0: Called Strike
1-1: SINGLE (Flyball, 9LS, EV 94.4 MPH)
Batting: LHB Mike Johnstone 0-0: Ball
1-0: Ball
2-0: Foul Ball, location: 2F
2-1: Swinging Strike
2-2: Ball
3-2: Strikes out swinging
Top of the 6th over - 0 runs, 1 hit, 0 errors, 1 left on base; Toledo 9 - Las Vegas 0
BOTTOM OF THE 6TH
Las Vegas Flamingos batting - Pitching for Toledo Stingers : RHP John Rigsby
Batting: LHB Braxton Cottongame 0-0: DOUBLE (Line Drive, 7LM, EV 110.6 MPH)
Batting: RHB Esteban León 0-0: Called Strike
0-1: Ball
1-1: Called Strike
1-2: Ground out 4-3 (Groundball, 34, EV 84.4 MPH)
Braxton Cottongame to third
Batting: RHB Samual Kingman 0-0: Ball
1-0: Ground out 5-3 (Groundball, 56S, EV 62.5 MPH)
Braxton Cottongame scores
Batting: LHB Adrián Gómez 0-0: Fly out, F8 (Flyball, 8LXD, EV 100.6 MPH)
Bottom of the 6th over - 1 run, 1 hit, 0 errors, 0 left on base; Toledo 9 - Las Vegas 1
TOP OF THE 7TH
Toledo Stingers batting - Pitching for Las Vegas Flamingos : LHP Mark Jacobson
Pitching: LHP Javier Desdin
Batting: RHB David Alcabú 0-0: Ball
1-0: Foul Ball, location: 2F
1-1: Ground out 1-3 (Groundball, 15S, EV 69.4 MPH)
Batting: RHB Brook Linen 0-0: Called Strike
0-1: Fly out, F4 (Popup, 23, EV 92.5 MPH)
Batting: SHB Adam Clements 0-0: Ball
1-0: SINGLE (Line Drive, 9LM, EV 93.8 MPH)
Batting: LHB Joe Clark 0-0: Foul Ball, location: 2F
0-1: Fly out, F5 (Popup, 5SF, EV 71.9 MPH)
Top of the 7th over - 0 runs, 1 hit, 0 errors, 1 left on base; Toledo 9 - Las Vegas 1
BOTTOM OF THE 7TH
Las Vegas Flamingos batting - Pitching for Toledo Stingers : RHP John Rigsby
Batting: LHB Dirk Horwedel 0-0: Fly out, F3 (Line Drive, 3, EV 73.1 MPH)
Batting: LHB Lewis N. Clark 0-0: Ball
1-0: Ball
2-0: SINGLE (Groundball, 6D, EV 98.8 MPH)
Batting: LHB Chan-ho Shinn 0-0: Ball
1-0: Fly out, F8 (Flyball, 8LD, EV 101.9 MPH)
Pitching: RHP Stu Riley
Batting: LHB Joo-Chan Park 0-0: Ball
1-0: Foul Ball, location: 2F
1-1: Called Strike
1-2: Strikes out swinging
Bottom of the 7th over - 0 runs, 1 hit, 0 errors, 1 left on base; Toledo 9 - Las Vegas 1
TOP OF THE 8TH
Toledo Stingers batting - Pitching for Las Vegas Flamingos : LHP Javier Desdin
Batting: LHB Grover Barbaran 0-0: Fly out, F8 (Line Drive, 8LD, EV 91.9 MPH)
Batting: LHB Matt Dunlap 0-0: Called Strike
0-1: Ball
1-1: Swinging Strike
1-2: Foul Ball, location: 2F
1-2: Ball
2-2: Foul Ball, location: 2F
2-2: Ball
3-2: Strikes out swinging
Batting: RHB Baldomero Avino 0-0: Ball
1-0: Called Strike
1-1: Ball
2-1: Ball
3-1: Foul Ball, location: 2F
3-2: SINGLE (Line Drive, 6MD, EV 96.9 MPH)
Batting: LHB Lester Threlfall 0-0: Fly out, F8 (Flyball, 78D, EV 108.8 MPH)
Top of the 8th over - 0 runs, 1 hit, 0 errors, 1 left on base; Toledo 9 - Las Vegas 1
BOTTOM OF THE 8TH
Las Vegas Flamingos batting - Pitching for Toledo Stingers : RHP Stu Riley
Batting: RHB Ernest Lesley 0-0: Ball
1-0: Swinging Strike
1-1: Ball
2-1: Ball
3-1: Base on Balls
Batting: LHB Braxton Cottongame 0-0: Ball
1-0: Foul Ball, location: 2F
1-1: Grounds into double play, 4-6-3 (Groundball, 4, EV 101.9 MPH)
Batting: RHB Esteban León 0-0: Ground out U3 (Groundball, 3S, EV 71.9 MPH)
Bottom of the 8th over - 0 runs, 0 hits, 0 errors, 0 left on base; Toledo 9 - Las Vegas 1
TOP OF THE 9TH
Toledo Stingers batting - Pitching for Las Vegas Flamingos : LHP Javier Desdin
Batting: LHB Mike Johnstone 0-0: Ball
1-0: Ball
2-0: Ball
3-0: Called Strike
3-1: Called Strike
3-2: Foul Ball, location: 2F
3-2: Foul Ball, location: 2F
3-2: Base on Balls
Pitching: RHP Ingo Abresch
Batting: RHB David Alcabú 0-0: Called Strike
0-1: DOUBLE (Line Drive, 78D, EV 99.4 MPH)
Mike Johnstone to third
Batting: RHB Brook Linen 0-0: Called Strike
0-1: SINGLE (Line Drive, 56, EV 100.6 MPH)
Mike Johnstone scores
David Alcabú to third
Batting: SHB Adam Clements 0-0: Called Strike
0-1: Ball
1-1: Swinging Strike
1-2: Ball
2-2: Ball
3-2: Foul Ball, location: 2F
3-2: Base on Balls
Brook Linen to second
Batting: LHB Joe Clark 0-0: Fielders Choice at 3rd, U5 (Groundball, 5L, EV 98.8 MPH)
David Alcabú scores
Adam Clements to second
Batting: LHB Grover Barbaran 0-0: Ball
1-0: SINGLE (Groundball, 34D, EV 97.5 MPH)
Adam Clements to third
Joe Clark to second
Batting: LHB Matt Dunlap 0-0: Ball
1-0: Ball
2-0: Foul Ball, location: 2F
2-1: Called Strike
2-2: Foul Ball, location: 2F
2-2: Foul Ball, location: 2F
2-2: GRAND SLAM HOME RUN (Line Drive, 89XD, EV 106.9 MPH), Distance : 434 ft
Pitching: RHP Dan Seymour
Batting: RHB Baldomero Avino 0-0: Ball
1-0: Ball
2-0: Ball
3-0: Base on Balls
Pinch Hitting: RHB Alfredo Martínez 0-0: Called Strike
0-1: Foul Ball, location: 2F
0-2: Ball
1-2: Fielders Choice at 2nd, 4-6 (Groundball, 4S, EV 83.8 MPH)
Batting: LHB Mike Johnstone 0-0: Foul Ball, location: 2F
0-1: Foul Ball, location: 2F
0-2: Strikes out looking
Top of the 9th over - 6 runs, 4 hits, 0 errors, 1 left on base; Toledo 15 - Las Vegas 1
BOTTOM OF THE 9TH
Las Vegas Flamingos batting - Pitching for Toledo Stingers : RHP Stu Riley
Now in RF: Alfredo Martínez
Batting: RHB Samual Kingman 0-0: Ball
1-0: Ball
2-0: Fly out, F8 (Flyball, 8LD, EV 102.5 MPH)
Batting: LHB Adrián Gómez 0-0: Ball
1-0: Swinging Strike
1-1: Foul Ball, location: 2F
1-2: Foul Ball, location: 2F
1-2: Ball
2-2: Strikes out swinging
Batting: LHB Dirk Horwedel 0-0: Ball
1-0: Ground out U3 (Groundball, 34, EV 91.9 MPH)
Bottom of the 9th over - 0 runs, 0 hits, 0 errors, 0 left on base; Toledo 15 - Las Vegas 1
Friday, March 26th, 2021 - OOTP Baseball 20.8 Build 74